 Dungeon Crawl Stone Soup version 0.31-a0-971-g75a2e9a4b4 (webtiles) character file.

Game seed: 4996509854780528853

154508 Armakuni the Ruinous (level 18, -10/112 HPs)
             Began as a Human Reaver on Oct 27, 2023.
             Was a High Priest of Vehumet.
             Shot with an arrow by a deep elf archer (21 damage)
             ... on level 2 of the Elven Halls on Oct 28, 2023.
             The game lasted 01:29:46 (27810 turns).

Armakuni the Ruinous (Human Reaver)                Turns: 27810, Time: 01:29:46

Health: -10/112    AC:  8    Str: 14    XL:     18   Next: 25%
Magic:  16/44      EV: 12    Int: 29    God:    Vehumet [*****.]
Gold:   2010       SH:  0    Dex: 12    Spells: 5/43 levels left

rFire   + . .        a - +6 dagger "Gizoocho" {flame, rC++ MP+9}
rCold   + + +        M - orb {light}
rNeg    . . .        o - +0 robe of the Pleiades {Int+4 Archmagi}
rPois   +            T - +0 mask of the Dragon {Will+ Slay+3 SInv}
rElec   .            y - scarf of Instinct {rC+ rF+, Rampage Fly rPois Str-4}
rCorr   .            l - +2 pair of gloves {Str+3}
SInv    +            S - +2 pair of boots
Will    +++..        O - amulet of regeneration
Stlth   +            I - +6 ring of intelligence
HPRegen 1.18/turn    W - ring of willpower
MPRegen 0.29/turn

%: rampage, archmagi
@: flying, glowing
A: no striking features
a: Renounce Religion


You were on level 2 of the Elven Halls.
You worshipped Vehumet.
Vehumet was extremely pleased with you.
You visited 4 branches of the dungeon, and saw 24 of its levels.

You collected 2523 gold pieces.
You spent 513 gold pieces at shops.

Inventory:

Hand Weapons
 a - the +6 dagger "Gizoocho" (weapon) {flame, rC++ MP+9}
   (You found it on level 7 of the Dungeon)

   rC++:      It greatly protects you from cold.
   MP+9:      It affects your magic capacity (+9).
 b - the +9 spear "Tacipaw" {speed, rElec Int+3}
   (You took it off an orc knight on level 13 of the Dungeon)

   Int+3:     It affects your intelligence (+3).
   rElec:     It insulates you from electricity.
 N - a +3 broad axe of venom
Missiles
 k - 2 throwing nets
 t - a curare-tipped dart
Armour
 l - a +2 pair of gloves of strength (worn)
 o - the +0 robe of the Pleiades (worn) {Int+4 Archmagi}
   (You found it on level 11 of the Dungeon)

   Int+4:     It affects your intelligence (+4).
   Archmagi:  It increases the power of your magical spells.
 q - a +0 buckler
 y - the scarf of Instinct (worn) {rC+ rF+, Rampage Fly rPois Str-4}
   (You acquired it on level 10 of the Dungeon)

   Str-4:     It affects your strength (-4).
   rPois:     It protects you from poison Fly: It grants you flight.
   Rampage:   It bestows one free step when moving towards enemies.
 C - a scarf of resistance
 M - an orb of light (worn)
 S - a +2 pair of boots (worn)
 T - the +0 mask of the Dragon (worn) {Will+ Slay+3 SInv}
   (You found it on level 13 of the Dungeon)

   Slay+3:    It affects your accuracy & damage with ranged weapons and melee
   (+3).
   Will+:     It increases your willpower.
   SInv:      It lets you see invisible.
Magical Staves
 r - a staff of poison
Jewellery
 z - the amulet "Xyiph" {Faith rElec}
   (You found it on level 15 of the Dungeon)

   [amulet of faith]

   Faith:     It allows you to gain divine favour quickly.
   rElec:     It insulates you from electricity.
 I - a +6 ring of intelligence (left hand)
 O - an amulet of regeneration (around neck)
 P - a +6 ring of intelligence
 U - an amulet of magic regeneration
 V - the ring "Hual" {Str+7 SInv}
   (You found it on level 1 of the Lair of Beasts)

   [ring of see invisible]

   Str+7:     It affects your strength (+7).
   SInv:      It lets you see invisible.
 W - a ring of willpower (right hand)
Wands
 p - a wand of polymorph (6)
 w - a wand of charming (12)
 x - a wand of flame (52)
 L - a wand of digging (7)
Scrolls
 c - 7 scrolls of teleportation
 f - 3 scrolls of fog
 g - 3 scrolls of enchant armour
 h - 2 scrolls of blinking
 n - a scroll of noise
 v - a scroll of poison
 B - 5 scrolls of revelation
 D - 8 scrolls of identify
 J - a scroll of amnesia
 Q - 3 scrolls of immolation
Potions
 i - 4 potions of lignification
 j - 2 potions of brilliance
 m - 5 potions of heal wounds
 u - 2 potions of enlightenment
 A - a potion of resistance
 E - 2 potions of haste
 F - 4 potions of magic
 G - 3 potions of might
 H - a potion of mutation
 K - 7 potions of curing
 R - a potion of attraction
Miscellaneous
 d - a condenser vane
 e - a box of beasts


   Skills:
 - Level 2.0 Fighting
 - Level 3.0 Maces & Flails
 - Level 2.0 Dodging
 - Level 13.0 Spellcasting
 + Level 26.2 Conjurations
 - Level 3.0 Ice Magic


You had 5 spell levels left.
You knew the following spells:

 Your Spells              Type           Power      Damage    Failure   Level
a - Apportation           Tloc           56%        N/A       2%          1
b - Blink                 Tloc           56%        N/A       4%          2
f - Starburst             Conj/Fire      48%        6d13      1%          6
j - Freezing Cloud        Conj/Ice/Air   42%        6-21      1%          5
o - Orb of Destruction    Conj           65%        9d15      1%          7
s - Sticky Flame          Conj/Fire      97%        2d11      1%          4
z - Bombard               Conj/Erth      48%        9d8       1%          6
S - Spellforged Servitor  Conj/Summ      48%        N/A       3%          7

Your spell library contained the following spells:

 Spells                   Type           Power      Damage    Failure   Level
 Plasma Beam              Fire/Air       14%        2x1d25    67%         6
 Kiss of Death            Conj/Necr      100%       2d13      0%          1
 Momentum Strike          Conj/Tloc      100%       3d10      0%          2
 Hailstorm                Conj/Ice       100%       3d20      0%          3
 Freeze                   Ice            100%       1d10      1%          1
 Frozen Ramparts          Ice            100%       1d16      1%          3
 Stone Arrow              Conj/Erth      100%       3d13      1%          3
 Necrotise                Necr           100%       1d9       2%          1
 Summon Small Mammal      Summ           100%       N/A       2%          1
 Ignite Poison            Fire/Tmut/Pois 28%        N/A       2%          3
 Lesser Beckoning         Tloc           56%        N/A       4%          2
 Confusing Touch          Hex            28%        N/A       9%          3
 Gell's Gravitas          Tloc           28%        N/A       9%          3
 Summon Guardian Golem    Hex/Summ       28%        N/A       9%          3
 Teleport Other           Tloc           28%        N/A       9%          3
 Vampiric Draining        Necr           28%        2d8       9%          3
 Summon Ice Beast         Ice/Summ       41%        N/A       14%         4
 Lee's Rapid Deconstruct  Erth           14%        3d9*      19%         5
 Animate Armour           Summ/Erth      56%        N/A       26%         4
 Dispel Undead            Necr           28%        3d13      26%         4
 Manifold Assault         Tloc           28%        N/A       26%         4
 Summon Lightning Spire   Summ/Air       28%        N/A       26%         4
 Lehudib's Crystal Spear  Conj/Erth      48%        10d12     21%         8
 Simulacrum               Ice/Necr       20%        N/A       92%         6
 Dispersal                Tloc           14%        N/A       99%         6
 Ignition                 Fire           14%        3d6       100%        8


Dungeon Overview and Level Annotations

Branches:
Dungeon (15/15)            Temple (0/1) D:5            Lair (5/5) D:11
  Swamp (0/4) Lair:2        Snake (0/4) Lair:3        Slime (0/5) Lair:4
    Orc (2/2) D:11            Elf (2/3) Orc:2        Vaults (0/5) D:14
 Depths (0/4) D:15

Altars:
Hepliaklqana
Kikubaaqudgha
Sif Muna
Uskayaw
Vehumet
Wu Jian
Jiyva

Shops:
D:11 [(   Orc:1 *   Orc:2 (*[*=

Annotations:
D:3 3 runed translucent doors, StormySan's ghost, amateur DsBe


Message History

A deep elf zephyrmancer comes into view.
It is wielding a +0 rapier.
The deep elf archer unwields a +4 dagger of venom.
It stops dripping with poison.
The deep elf archer wields a +0 shortbow.
The deep elf archer shoots an arrow.
The arrow hits you!
Casting: Spellforged Servitor (dangerous; 3% risk of failure)
Confirm with . or Enter, or press ? or * to list all spells.
Aiming: Freezing Cloud (mildly dangerous; 1% risk of failure)
Press: ? - help, Dir - move target, f - deep elf archer
Aim: a deep elf archer, wielding a +0 shortbow and wearing a +0 leather armour (repelling missiles)
You feel a surge of power!
Your spellforged servitor launches a ball of destructive magic.
Casting: Freezing Cloud (mildly dangerous; 1% risk of failure)
Confirm with . or Enter, or press ? or * to list all spells.
Aiming: Freezing Cloud (mildly dangerous; 1% risk of failure)
Press: ? - help, Dir - move target, f - deep elf pyromancer, p - deep elf archer
Aim: a deep elf pyromancer, wielding a +0 dagger (ally target)
You feel a surge of power!
The deep elf pyromancer is engulfed in freezing vapours.
The deep elf archer is engulfed in freezing vapours.
The deep elf archer shoots an arrow.
The arrow hits you!!
Aiming: Bombard (mildly dangerous; 1% risk of failure)
Press: ? - help, Q - select action, (/) - cycle Shift-Dir - straight line, f - deep elf archer, p - deep elf pyromancer
Aim: a deep elf archer, wielding a +0 shortbow and wearing a +0 leather armour (freezing vapour, lightly wounded, repelling missiles, 34% to hit)
You feel a surge of power!
The iron shot misses the deep elf archer.
The deep elf pyromancer is engulfed in freezing vapours.
The deep elf archer is engulfed in freezing vapours.
The deep elf archer shoots an arrow.
The arrow hits you!!
* * * LOW HITPOINT WARNING * * *
Your spellforged servitor conjures a glowing orb.
The orb of destruction hits the deep elf pyromancer!!!!
The deep elf pyromancer is blown up!
Vehumet accepts your kill.
Training target 13.0 for Spellcasting reached!
Your Spellcasting skill increases to level 13!
You need to enable at least one skill for training.
The deep elf archer is engulfed in freezing vapours.
The deep elf archer shoots an arrow.
The arrow hits you!!
You die...

##..... .......
.....#.## #
.e_....§###### .#
.......§§#...###.###
.......§§§.....#....
#.....§§§).)..#e#
#.....°....#.#
##.#..°*@./#e#
#.#...☼.§§#e#
#.....9.§§§e#
######.###### #.#
#.. ####


You could see a deep elf archer (repels missiles), 3 deep elf zephyrmancers and
a friendly spellforged servitor (summoned).

Vanquished Creatures
  Jorgrun (Orc:1)
  Gastronok (D:9)
  Kirke (D:13)
  The ghost of Qoixtez the Metamorph, an adept OpSh of Wu Jian (D:15)
  A deep elf demonologist (Elf:1)
  The ghost of Arzdou the Thaumaturge, a journeyman DgIE (Orc:2)
  A deep elf death mage (Elf:1)
  Josephine (Lair:4)
  A fire dragon (D:13)
  The ghost of qborf the Grappler, a journeyman TrSh (D:11)
  3 vault guards (D:14)
  5 hydras
  Harold (Orc:1)
  A ghost crab (Lair:2)
  A merfolk avatar (Lair:5)
  2 boulder beetles
  A catoblepas (D:12)
  5 ogre magi
  8 centaur warriors
  3 tengu warriors
  4 death yaks
  A deep troll earth mage (D:15)
  4 dancing weapons (Elf:1)
  An orc high priest (Orc:2)
  19 two-headed ogres
  Urug (D:13)
  2 deep elf knights
  2 skysharks
  5 skeletal warriors (D:15)
  2 sea snakes
  4 deep elf archers
  4 orc knights
  Pikel (D:7)
  A lindwurm (Lair:3)
  9 deep elf zephyrmancers
  13 deep elf pyromancers
  10 ugly things
  A mana viper (D:13)
  An oklob plant (Lair:4)
  An orc sorcerer (Orc:2)
  2 necromancers (Elf:1)
  3 harpies (D:12)
  10 cyclopes
  6 manticores
  A cyclops (shapeshifter) (D:15)
  A salamander (Lair:3)
  23 elephants
  2 black mambas
  2 torpor snails
  2 gargoyles (D:13)
  12 komodo dragons
  4 rime drakes
  13 cane toads
  An efreet (D:15)
  A freezing wraith (D:14)
  Psyche (D:9)
  7 trolls
  3 meliai (D:14)
  3 polar bears
  Prince Ribbit (D:7)
  8 blink frogs
  6 dream sheep
  A blink frog (shapeshifter) (D:15)
  8 slime creatures
  4 shadows
  38 yaks
  7 wraiths
  2 vampires
  5 basilisks
  Grum (D:9)
  3 hogs (D:13)
  9 humans (D:14)
  4 wyverns
  2 steam dragons
  10 vampire mosquitoes
  Menkaure (D:7)
  2 wargs
  2 spectral cane toads (Lair:2)
  2 nagas (Lair:3)
  13 water moccasins
  3 ice beasts
  17 orc warriors
  3 black bears
  A boggart (D:11)
  2 wolves (D:9)
  A phantom (D:6)
  27 ogres
  3 centaurs
  3 elf zombies (Elf:1)
  4 kobold brigands
  A spectral water moccasin (Lair:2)
  24 bullfrogs
  5 scorpions
  4 gnoll sergeants
  11 wights
  10 killer bees
  An electric eel (Lair:1)
  5 howler monkeys
  5 hounds
  3 gnoll boudas
  13 orc priests
  Ijyb (D:5)
  4 iguanas
  26 orc wizards
  A hell rat (D:11)
  6 gnolls
  12 adders
  2 white imps
  2 ufetubi (D:6)
  A dart slug (D:1)
  70 orcs
  4 bats
  6 endoplasms
  6 giant cockroaches
  11 goblins
  3 hobgoblins
  7 quokkas
  9 ball pythons
  3 frilled lizards
  33 kobolds
  5 rats
710 creatures vanquished.

Vanquished Creatures (collateral kills)
  3 two-headed ogres (Orc:2)
  A deep elf knight (Elf:2)
  A deep elf archer (Elf:2)
  A deep elf zephyrmancer (Elf:1)
  2 deep elf pyromancers
  An elephant (Lair:3)
  A troll (Orc:2)
  4 dream sheep (Lair:5)
  A hog (D:13)
  2 orc warriors (Orc:2)
  3 ogres (Orc:2)
  2 orc wizards (Orc:2)
  9 orcs (Orc:2)
31 creatures vanquished.

Vanquished Creatures (others)
  A deep elf knight (Elf:1)
1 creature vanquished.

Grand Total: 742 creatures vanquished

Notes
Turn   | Place    | Note
-------+----------+-------------------------------------------
     0 | D:1      | Armakuni the Human Reaver began the quest for the Orb.
     0 | D:1      | Reached XP level 1. HP: 16/16 MP: 3/3
    85 | D:1      | Reached XP level 2. HP: 22/22 MP: 5/5
   495 | D:1      | Reached skill level 4 in Conjurations
   495 | D:1      | Reached XP level 3. HP: 24/27 MP: 6/6
   597 | D:1      | Learned a level 3 spell: Hailstorm
   847 | D:1      | Reached skill level 1 in Ice Magic
   974 | D:2      | Reached XP level 4. HP: 29/33 MP: 7/7
  1611 | D:3      | Found a hide-covered altar of Uskayaw.
  1627 | D:3      | Reached XP level 5. HP: 38/38 MP: 8/8
  1638 | D:3      | Learned a level 3 spell: Stone Arrow
  1677 | D:3      | Found a radiant altar of Vehumet.
  1701 | D:3      | Became a worshipper of Vehumet
  1955 | D:3      | Found a runed translucent gate.
  1956 | D:3      | Found a runed translucent gate.
  1957 | D:3      | Found a runed translucent gate.
  1959 | D:3      | Noticed StormySan's ghost (amateur DsBe)
  2491 | D:4      | Reached skill level 5 in Conjurations
  2538 | D:4      | Reached XP level 6. HP: 33/44 MP: 9/9
  2680 | D:4      | Reached * piety under Vehumet
  2680 | D:4      | Offered knowledge of Foxfire by Vehumet.
  2895 | D:5      | Entered Level 5 of the Dungeon
  2903 | D:5      | Reached skill level 6 in Conjurations
  2996 | D:4      | Reached XP level 7. HP: 47/50 MP: 3/10
  3082 | D:5      | Noticed Ijyb
  3095 | D:5      | Killed Ijyb
  3191 | D:5      | Reached skill level 7 in Conjurations
  3475 | D:5      | Learned a level 2 spell: Blink
  3577 | D:5      | Reached XP level 8. HP: 56/56 MP: 1/12
  3713 | D:5      | Reached skill level 8 in Conjurations
  3954 | D:5      | Found a staircase to the Ecumenical Temple.
  4111 | D:6      | Reached ** piety under Vehumet
  4115 | D:6      | Reached skill level 9 in Conjurations
  4122 | D:6      | Offered knowledge of Scorch by Vehumet.
  4163 | D:6      | Reached XP level 9. HP: 45/61 MP: 8/15
  4192 | D:6      | Reached skill level 10 in Conjurations
  4669 | D:6      | Reached skill level 11 in Conjurations
  4785 | D:6      | Found an ornate altar of the Wu Jian Council.
  5454 | D:7      | Noticed Pikel
  5459 | D:7      | Killed Pikel
  5460 | D:7      | Reached skill level 12 in Conjurations
  5460 | D:7      | Reached XP level 10. HP: 67/67 MP: 1/16
  5470 | D:7      | Learned a level 7 spell: Orb of Destruction
  5887 | D:7      | Identified the +6 dagger "Gizoocho" {flame, rC++ MP+9}
  6027 | D:7      | Noticed Prince Ribbit
  6036 | D:7      | Offered knowledge of Poisonous Vapours by Vehumet.
  6177 | D:7      | Killed Prince Ribbit
  6178 | D:7      | Reached skill level 13 in Conjurations
  6334 | D:7      | Noticed Menkaure
  6337 | D:7      | Killed Menkaure
  6582 | D:8      | Reached *** piety under Vehumet
  6814 | D:8      | Noticed a manticore
  6819 | D:8      | Killed a manticore
  6819 | D:8      | Offered knowledge of Airstrike by Vehumet.
  6820 | D:8      | Reached skill level 14 in Conjurations
  7349 | D:8      | Noticed a two-headed ogre
  7361 | D:8      | Killed a two-headed ogre
  7362 | D:8      | Reached XP level 11. HP: 72/72 MP: 3/17
  7712 | D:9      | Noticed Grum
  7717 | D:9      | Killed Grum
  7718 | D:9      | Reached skill level 15 in Conjurations
  8022 | D:9      | Noticed Gastronok
  8029 | D:9      | Reached **** piety under Vehumet
  8296 | D:9      | Noticed a cyclops
  8303 | D:9      | Killed a cyclops
  8630 | D:9      | Noticed Psyche
  8638 | D:9      | Killed Psyche
  8639 | D:9      | Reached skill level 16 in Conjurations
  8794 | D:9      | You fall into a shaft and drop 1 floor!
  8794 | D:10     | Entered Level 10 of the Dungeon
  8796 | D:10     | Identified a scroll of acquirement
  8796 | D:10     | Acquired the scarf of Instinct {rC+ rF+, Rampage Fly rPois
                  | Str-4}
  8834 | D:9      | Killed Gastronok
  9142 | D:10     | Noticed a two-headed ogre
  9147 | D:10     | Killed a two-headed ogre
  9592 | D:10     | Offered knowledge of Freezing Cloud by Vehumet.
  9977 | D:11     | Reached skill level 5 in Spellcasting
  9983 | D:11     | Learned a level 5 spell: Freezing Cloud
 10012 | D:11     | Noticed a cyclops
 10016 | D:11     | Killed a cyclops
 10017 | D:11     | Reached XP level 12. HP: 78/78 MP: 11/20
 10087 | D:11     | Noticed a death yak
 10091 | D:11     | Killed a death yak
 10098 | D:11     | Noticed a boulder beetle
 10101 | D:11     | Noticed a death yak
 10104 | D:11     | Noticed a death yak
 10109 | D:11     | Killed a death yak
 10110 | D:11     | Reached skill level 17 in Conjurations
 10111 | D:11     | Killed a death yak
 10113 | D:11     | Killed a boulder beetle
 10134 | D:11     | Found Arra's Antique Armour Emporium.
 10321 | D:11     | Found a staircase to the Lair.
 10325 | D:11     | Noticed a two-headed ogre
 10333 | D:11     | Killed a two-headed ogre
 10334 | D:11     | Reached skill level 18 in Conjurations
 10337 | D:11     | Reached ***** piety under Vehumet
 10804 | D:11     | Identified the ring of Zaig {rPois rN+ Str-5 Int+2}
 10823 | D:11     | Learned a level 1 spell: Apportation
 10903 | D:11     | Found a staircase to the Orcish Mines.
 10962 | D:11     | Found a runed translucent door.
 11096 | D:11     | Identified the +0 helmet of Disguise {Regen+}
 11160 | D:11     | Noticed qborf's ghost (journeyman TrSh)
 11216 | D:11     | Found Ononek's Weapon Emporium.
 11222 | D:11     | Identified the +0 robe of the Pleiades {Int+4 Archmagi}
 11331 | Lair:1   | Entered Level 1 of the Lair of Beasts
 11365 | Lair:1   | Upgraded the game from 0.31-a0-968-g24f9ace8b5 to
                  | 0.31-a0-971-g75a2e9a4b4
 11411 | Lair:1   | Noticed a death yak
 11418 | Lair:1   | Killed a death yak
 11421 | Lair:1   | Offered knowledge of Conjure Ball Lightning by Vehumet.
 11502 | Lair:1   | Learned a level 4 spell: Sticky Flame
 11596 | Lair:1   | Identified the ring "Hual" {Str+7 SInv}
 11818 | Lair:1   | Reached XP level 13. HP: 62/83 MP: 24/24
 12476 | Lair:2   | Found a radiant altar of Vehumet.
 12586 | Lair:2   | Found a staircase to the Swamp.
 12586 | Lair:2   | Noticed a ghost crab
 12589 | Lair:2   | Killed a ghost crab
 12971 | Lair:3   | Reached skill level 10 in Spellcasting
 12978 | Lair:3   | HP: 4/83 [elephant (17)]
 13347 | Lair:3   | Found a staircase to the Snake Pit.
 13636 | Lair:3   | Reached skill level 19 in Conjurations
 14989 | Lair:4   | Found a viscous altar of Jiyva.
 14990 | Lair:4   | Found a staircase to the Slime Pits.
 15122 | Lair:4   | Noticed a six-headed hydra
 15124 | Lair:4   | Killed a six-headed hydra
 15216 | Lair:4   | Reached XP level 14. HP: 90/90 MP: 18/28
 15279 | Lair:4   | Reached skill level 20 in Conjurations
 15456 | Lair:4   | Noticed Josephine
 15461 | Lair:4   | Killed Josephine
 15656 | Lair:5   | Identified the "Hetsum"
 15656 | Lair:5   | Entered Level 5 of the Lair of Beasts
 15664 | Lair:5   | Offered knowledge of Bombard by Vehumet.
 16001 | Lair:4   | Learned a level 6 spell: Bombard
 16340 | Lair:5   | Reached skill level 21 in Conjurations
 16557 | Lair:5   | Reached XP level 15. HP: 95/95 MP: 27/30
 16758 | Lair:5   | Learned a level 7 spell: Spellforged Servitor
 17239 | Lair:5   | Reached skill level 22 in Conjurations
 18239 | Orc:1    | Entered Level 1 of the Orcish Mines
 18455 | Orc:2    | Entered Level 2 of the Orcish Mines
 18589 | Orc:2    | Reached XP level 16. HP: 86/101 MP: 26/31
 18735 | Orc:2    | Offered knowledge of Iskenderun's Battlesphere by Vehumet.
 18736 | Orc:2    | Found a large runed translucent door.
 18736 | Orc:2    | Found a large runed translucent door.
 18742 | Orc:2    | Noticed Arzdou's ghost (journeyman DgIE)
 18815 | Orc:2    | Found Renkosol's Antique Weapon Emporium.
 18882 | Orc:2    | Reached skill level 23 in Conjurations
 18963 | Orc:2    | Found Waobb's Antique Armour Boutique.
 18963 | Orc:2    | Found Avitogh's Jewellery Emporium.
 18965 | Orc:2    | Found Wirghuso's General Store.
 18965 | Orc:2    | Found Irono's Assorted Antiques.
 18974 | Orc:2    | Bought a fuming purple potion for 27 gold pieces
 18975 | Orc:2    | Bought a scroll of teleportation for 39 gold pieces
 18975 | Orc:2    | Bought a potion of heal wounds for 65 gold pieces
 18975 | Orc:2    | Bought a wand of digging (7) for 382 gold pieces
 19003 | Orc:2    | Found a staircase to the Elven Halls.
 19432 | Orc:1    | Noticed Harold
 19436 | Orc:1    | Noticed Jorgrun
 19438 | Orc:1    | Killed Harold
 19549 | Orc:1    | Killed Jorgrun
 20139 | Orc:1    | Found Qonoat's General Store.
 20256 | Orc:2    | Killed Arzdou's ghost
 20420 | D:11     | Killed qborf's ghost
 21044 | D:12     | Offered knowledge of Eringya's Noxious Bog by Vehumet.
 21103 | D:12     | Reached skill level 24 in Conjurations
 21772 | D:13     | Identified the +7 halberd of Infinite Pain {heavy, Dex+2}
 21784 | D:13     | Identified the +9 spear "Tacipaw" {speed, rElec Int+3}
 21803 | D:13     | Reached XP level 17. HP: 78/106 MP: 3/32
 21982 | D:13     | Noticed Nessos
 21985 | D:13     | Nessos changed into Nessos the mana viper
 21985 | D:13     | Noticed Nessos
 21988 | D:13     | Killed Nessos the mana viper
 22208 | D:13     | Found the +0 mask of the Dragon {Will+ Slay+3 SInv}
 22710 | D:13     | Identified the +5 chain mail of Grace {Str+2 Stlth+}
 22843 | D:13     | Noticed Kirke
 22853 | D:13     | Killed Kirke
 22854 | D:13     | Reached skill level 25 in Conjurations
 23002 | D:13     | Noticed Urug
 23004 | D:13     | Killed Urug
 23126 | D:13     | Found a hazy altar of Hepliaklqana.
 23854 | D:14     | Found a gate to the Vaults.
 24606 | D:15     | Entered Level 15 of the Dungeon
 24622 | D:15     | Offered knowledge of Starburst by Vehumet.
 24960 | D:15     | Learned a level 6 spell: Starburst
 25465 | D:15     | Found a staircase to the Depths.
 25845 | D:15     | Found a runed translucent gate.
 25845 | D:15     | Noticed Qoixtez's ghost (adept OpSh)
 25846 | D:15     | Found a runed translucent gate.
 25847 | D:15     | Found a runed translucent gate.
 25905 | D:15     | Killed Qoixtez's ghost
 25906 | D:15     | Reached skill level 26 in Conjurations
 26100 | D:15     | Identified the amulet "Xyiph" {Faith rElec}
 26346 | Vaults:5 | Identified the of Ruhyg
 26346 | Vaults:5 | Identified the "Giceosal"
 26346 | Vaults:5 | Identified the "Sufassume"
 26346 | Crypt:3  | Identified the of Zihut
 26346 | Elf:1    | Identified the of Moaptoff
 26346 | Elf:1    | Entered Level 1 of the Elven Halls
 26680 | Elf:1    | Reached XP level 18. HP: 112/112 MP: 15/33
 27664 | Elf:1    | Found a shimmering blue altar of Sif Muna.
 27798 | Elf:2    | Found an ancient bone altar of Kikubaaqudgha.
 27800 | Elf:2    | Offered knowledge of Plasma Beam by Vehumet.
 27810 | Elf:2    | Shot with an arrow by a deep elf archer

Illustrated notes

Levels and vault maps discovered:
D:1:      shiori_shiawase, layout_basic
D:2:      layout_rooms
D:3:      layout_rooms, nicolae_uskayaw_suspiria, nicolae_vehumet_radiance,
          gammafunk_ghost_necromancy, minmay_fractal_squares_diagonal_5
D:4:      layout_rooms
D:5:      minmay_razor_zed, layout_cave_pools, minmay_temple_entry_junction,
          minmay_misc_feat_tiny, kennysheep_generic_room_15, uniq_ijyb
D:6:      layout_rooms, mainiacjoe_overflow_alcove_4,
          pf_guarded_unrand_woodcutter
D:7:      layout_loops_ring, uniq_pikel, uniq_prince_ribbit1, uniq_menkaure
D:8:      layout_basic
D:9:      layout_roguey, uniq_psyche, uniq_gastronok, uniq_grum
D:10:     layout_basic, enter_bailey_5, nicolae_twisting_strands
D:11:     layout_cave_pools, dpeg_lair_monsters, david_orc_4,
          ebering_ghost_inner_flame, serial_shops,
          nicolae_shop_tiny_real_fake_doors, nicolae_shop_bloodbath_and_beyond,
          minivault_10
D:12:     minmay_angry_zag, layout_basic, argonaut_gorgonesque
D:13:     minmay_the_grid_octo_tiled_squarecenter_mashed
          [minmay_the_grid_octo_fat_diamond, minmay_the_grid_octo_empty,
          minmay_the_grid_octo_odd_swirl, minmay_the_grid_octo_checkered,
          minmay_the_grid_square_5x5_megaprize_checkered,
          minmay_the_grid_square_5x5_c, minmay_the_grid_square_5x5_shrine1,
          minmay_the_grid_square_5x5_tri_point, minmay_the_grid_square_5x5_z],
          layout_long_grid, uniq_kirke, uniq_nessos, uniq_urug
D:14:     layout_loops_cross, ximxim_vaults_locker_room, corexii_hall_statues_t
D:15:     hellmonk_depths_entry_around_the_bend, layout_basic,
          biasface_ghost_orc_armoury
Lair:1:   layout_gridlike, st_stairs_6
Lair:2:   layout_cave_shapes, nicolae_swamp_entry_spooky, basic_altar,
          infiniplex_staircase_pool_2, lemuel_fruit_fields
Lair:3:   layout_gridlike, alex1729_snake_entry_snake, beast_lair_carwin_6
Lair:4:   layout_big_grid, slime_entry_1, grunt_megastairs_2, uniq_josephine
Lair:5:   gammafunk_lair_ancient_temple, layout_gridlike, lemuel_fruit_fields
Orc:1:    layout_caves, serial_shops, shop, guppyfry_library_mini, uniq_jorgrun,
          uniq_harold
Orc:2:    st_orc_ogre_mass, layout_caves, ebering_ghost_disaster_area,
          serial_shops, shop
Elf:1:    minmay_elf_arrival_summoners, layout_loops_cross, basic_altar,
          minmay_elf_necromancy
Elf:2:    nicolae_elf_blades_crystal_corner, layout_loops_ring, serial_shops,
          nicolae_shop_tiny_waterfront, nicolae_shop_crystal, shop, shop,
          basic_altar

Skill      XL: |  1  2  3  4  5  6  7  8  9 10 11 12 13 14 15 16 17 18 |
---------------+-------------------------------------------------------+-----
Conjurations   | 4 5 6 7 9 12 14 16 18 19 21 22 24 26 | 26.2
Ice Magic      | 1 2 3 |  3.0
Spellcasting   | 4 5 7 10 11 13 | 13.0
Fighting       | |  2.0
Maces & Flails | |  3.0
Dodging        | |  2.0

Action                     |  1- 3 |  4- 6 |  7- 9 | 10-12 | 13-15 | 16-18 || total
---------------------------+-------+-------+-------+-------+-------+-------++-------
  Melee: Mace              |    21 |       |       |       |       |       ||    21
         Dagger            |    71 |   210 |   211 |       |    30 |    85 ||   607
         Punch             |     1 |     3 |     2 |       |       |       ||     6
         Unarmed           |       |       |     2 |       |       |       ||     2
         Battleaxe         |       |       |    21 |   188 |   123 |       ||   332
   Fire: Sling             |       |    13 |       |       |       |       ||    13
   Cast: Hailstorm         |       |     5 |     8 |    32 |       |     2 ||    47
         Stone Arrow       |       |       |    45 |    69 |    38 |       ||   152
         Orb of Destructio |       |       |       |    25 |    48 |    45 ||   118
         Freezing Cloud    |       |       |       |    10 |    23 |    56 ||    89
         Sticky Flame      |       |       |       |     3 |    29 |    34 ||    66
         Bombard           |       |       |       |       |    45 |   158 ||   203
         Spellforged Servi |       |       |       |       |     3 |     7 ||    10
  Evoke: Wand              |       |       |       |     5 |     7 |    11 ||    23
         Box of beasts     |       |       |       |       |     1 |     1 ||     2
         Condenser vane    |       |       |       |       |     1 |     1 ||     2
    Use: Scroll            |     4 |     4 |     7 |     9 |    10 |     7 ||    41
         Potion            |     1 |     2 |       |     5 |     3 |     1 ||    12
   Stab: Sleeping          |     1 |       |     2 |       |     1 |       ||     4
         Invisible         |       |     1 |       |       |       |       ||     1
 Armour: Leather armour    |    63 |   100 |   182 |   165 |       |       ||   510
         Skin              |       |       |     1 |       |       |       ||     1
         Robe              |       |       |       |    21 |   214 |   151 ||   386
  Dodge: Dodged            |    53 |   151 |   117 |   128 |   154 |    92 ||   695

Table legend: (Time is in decaauts)
 A = Elapsed time spent in this place.
 B = Non-inter-level travel time spent in this place.
 C = Inter-level travel time spent in this place.
 D = Time resting spent in this place.
 E = Time spent auto-exploring this place.
 F = Levels seen in this place.
 G = Mean time per level.
                   A        B        C        D        E       F      G
               +--------+--------+--------+--------+--------+-----+--------+
         Total |  27889 |  26649 |   1240 |   8781 |  12645 |  24 | 1162.0 |
       Dungeon |  17463 |  16573 |    890 |   4687 |   8468 |  15 | 1164.2 |
          Lair |   6768 |   6580 |    188 |   2611 |   2857 |   5 | 1353.6 |
  Orcish Mines |   2421 |   2260 |    161 |    982 |    794 |   2 | 1210.5 |
   Elven Halls |   1236 |   1236 |      0 |    500 |    526 |   2 |  618.0 |
               +--------+--------+--------+--------+--------+-----+--------+

Top non-repeatable levels by time:
  Lair:4: 1795 daAuts
  Lair:5: 1596 daAuts
    D:15: 1579 daAuts
  Lair:3: 1574 daAuts
    D:12: 1504 daAuts
    D:10: 1493 daAuts
    D:13: 1473 daAuts
   Orc:2: 1424 daAuts
     D:6: 1274 daAuts
    D:11: 1228 daAuts
     D:8: 1224 daAuts
   Elf:1: 1214 daAuts
    D:14: 1201 daAuts
     D:5: 1174 daAuts
     D:7: 1141 daAuts
